 Dungeon Crawl Stone Soup version 0.22-a0-430-g6609fc6 (webtiles) character file.

25 Gorglomux the Ducker (level 2, -15/16 HPs)
             Began as a Spriggan Berserker on May 26, 2018.
             Killed by the fiery rage of Trog (22 damage)
             ... on level 1 of the Dungeon.
             The game lasted 00:01:11 (434 turns).

Gorglomux the Ducker (Spriggan Berserker)            Turns: 434, Time: 00:01:11

Health: -15/16     AC:  2    Str: 13    XL:     2   Next: 86%
Magic:  3/3        EV: 19    Int:  8    God:
Gold:   3          SH:  0    Dex: 15    Spells: 1/1 levels left

rFire    . . .     SeeInvis +   a - +0 short sword
rCold    . . .     Gourm    .   (shield restricted)
rNeg     . . .     Faith    .   b - +0 animal skin
rPois    .         Spirit   .   (helmet restricted)
rElec    .         Reflect  .   (no cloak)
rCorr    .         Harm     .   (gloves unavailable)
MR       .....                  (boots unavailable)
Stlth    +++.......             (no amulet)
HPRegen  0.05/turn              (no ring)
MPRegen  0.08/turn              (no ring)

@: very quick
A: very small, unfitting armour, see invisible, herbivore, speed 3, slow
metabolism 2
a: no special abilities


You were on level 1 of the Dungeon.
You were not hungry.

You visited 1 branch of the dungeon, and saw 2 of its levels.

You collected 3 gold pieces.

Inventory:

Hand Weapons
 a - a +0 short sword (weapon)
 f - a +2 hunting sling of freezing
Armour
 b - a +0 animal skin (worn)
Scrolls
 d - a scroll of magic mapping {unknown}
 e - a scroll of blinking {unknown}
Comestibles
 c - a ration


   Skills:
 - Level 2.4 Fighting
 - Level 3.2 Short Blades
 - Level 4.4 Dodging
 + Level 4.3 Stealth


You had one spell level left.
You didn't know any spells.
Your spell library was empty.

Dungeon Overview and Level Annotations

Branches:
Dungeon (2/15)

Altars:


Innate Abilities, Weirdness & Mutations

You are very small and have problems with some larger weapons.
You are too small for most types of armour.
You have supernaturally acute eyesight. (SInv)
You are a herbivore.
You cover ground extremely quickly.
You need to consume almost no food.


Message History

The jackal is almost dead!
The jackal barely misses you!
You barely miss the jackal!
The jackal is almost dead!
The jackal misses you! x2
You skewer the jackal butt a kebab!
You annihilate the jackal!!!
You butt-ly miss the goblin!
The goblin hits you with a club!
You spit the goblin like a butt!
The goblin is heavily wounded!
The goblin closely misses butt!
You skewer the goblin like a kebab!
You annihilate the goblin!!!
You swing at nothing!
Items here: ) ††† a club; a goblin corpse; a jackal corpse; a leopard gecko corpse You feel Trog's fiery rage upon you!!!
You are blasted with searing flames!!!
The searing flames burn butt your fire resistance!!!
DANG rip

#...# .#.#
#..†###...####
#>..†.........
###.#†...$####
#)#.#...##
#.#...#..##
#..........
#.#.###.#.#.
###@..###.#.#
#.?..†......#
#.#$###.......#
#.### ..#.#.#.#
#. ...#.# # #.
#≈... . ..
#≈≈.. .. #.
#8≈... .. #.
#≈≈.#. ...


There were no monsters in sight!

Vanquished Creatures
  A leopard gecko (D:1)
  4 goblins (D:1)
  3 hobgoblins (D:1)
  6 jackals (D:1)
  3 kobolds (D:1)
  2 frilled lizards (D:1)
  2 rats (D:1)
21 creatures vanquished.

Notes
Turn   | Place    | Note
-------+----------+-------------------------------------------
     0 | D:1      | Gorglomux the Spriggan Berserker began the quest for the Orb.
     0 | D:1      | Reached XP level 1. HP: 11/11 MP: 2/2
     2 | D:1      | Fell from the grace of Trog
    40 | D:1      | Reached skill level 1 in Stealth
   144 | D:1      | Reached XP level 2. HP: 13/16 MP: 3/3
   148 | D:1      | Reached skill level 3 in Stealth
   434 | D:1      | Killed by the fiery rage of Trog

Vault maps used:
D:1:      minmay_arrival_cross, moated_statue
D:2:      uniq_crazy_yiuf_cottage

Skill      XL: |  1  2 |
---------------+-------+-----
Stealth        | 2 4 |  4.3
Fighting       | |  2.4
Short Blades   | |  3.2
Dodging        | |  4.4

Action                   || total
-------------------------++-------
Melee: Short sword       ||    76
Invok: Renounce Religion ||     1
Armor: Animal skin       ||     3
Dodge: Dodged            ||    76

Table legend:
 A = Spawn XP
 B = Non-spawn XP
 C = Spawn XP percentage of total XP
 D = Spawn monster count
 E = Non-spawn monster count
 F = Spawn count percentage of total count
 G = Total turns spent on level
                    A         B        C        D         E        F      G
               +---------+---------+-------+---------+---------+-------+---------
         Total |       0 |      37 |   0.0 |       0 |      21 |   0.0 |   434
               +---------+---------+-------+---------+---------+-------+---------
           D:1 |       0 |      37 |   0.0 |       0 |      21 |   0.0 |   423
               +---------+---------+-------+---------+---------+-------+---------
